 Dungeon Crawl Stone Soup version 0.29.1-2-gbd0b4ee654 (webtiles) character file.

Game seed: 18195581837693119967

47943 boopmooplesden the Impaler (level 14, -21/133 HPs)
             Began as a Minotaur Berserker on Nov 30, 2022.
             Was a High Priest of Trog.
             Demolished by a stone giant (23 damage)
             ... on level 15 of the Dungeon.
             The game lasted 00:24:43 (19475 turns).

boopmooplesden the Impaler (Minotaur Berserker)    Turns: 19475, Time: 00:24:43

Health: -21/133    AC: 22    Str: 30    XL:     14   Next: 10%
Magic:  13/13      EV: 15    Int:  4    God:    Trog [*****.]
Gold:   1377       SH:  0    Dex: 15    Spells: 13/13 levels left

rFire   . . .      SeeInvis .   S - +5 bardiche (flame)
rCold   . . .      Faith    .   (shield currently unavailable)
rNeg    . . .      Spirit   .   H - +2 plate armour
rPois   +          Reflect  .   I - +0 hat
rElec   .          Harm     .   Q - +0 cloak "Otuoqo" {Str+4}
rCorr   .          Rampage  .   (no gloves)
Will    +....                   G - +1 pair of boots
Stlth   ..........              (no amulet)
HPRegen 0.32/turn               j - ring of Broken Luck {EV+4 Dex+4}
MPRegen 0.13/turn               r - ring of poison resistance

@: on berserk cooldown, slowed, very slow
A: horns 2, retaliatory headbutt
a: Renounce Religion, Berserk, Trog's Hand, Brothers in Arms


You were on level 15 of the Dungeon.
You worshipped Trog.
Trog was extremely pleased with you.
You visited 1 branch of the dungeon, and saw 15 of its levels.
You also visited: Bailey.

You collected 1377 gold pieces.

Inventory:

Hand Weapons
 o - the +8 frozen axe "Frostbite" {freezing cloud, *Noise Fly rC+}
   (Trog gifted it to you on level 13 of the Dungeon)

   It freezes those it strikes, dealing additional cold damage.
   It can also slow down cold-blooded creatures.
   It occasionally leaves clouds of freezing vapour upon striking a foe.
   It grants immunity to clouds of freezing vapour.
   rC:        It protects you from cold.
   Fly:       It grants you flight.
   *Noise:    It may make noises in combat.
 B - the +6 scimitar of Distant Shores {venom, rF+ Dex+2}
   (You found it in a bailey)

   It poisons the flesh of those it strikes.
   Dex:       It affects your dexterity (+2).
   rF:        It protects you from fire.
 F - the +2 trident of the Hammering Gods {speed, rPois rN+ SInv}
   (You found it on level 5 of the Dungeon)

   Attacks with this weapon are significantly faster.
   rPois:     It protects you from poison.
   rN:        It protects you from negative energy.
   SInv:      It lets you see invisible.
 P - a +3 glaive of flaming
 S - a +5 bardiche of flaming (weapon)
 Y - the +2 hand axe of Yfaguq {chaos, Str+4}
   (You found it on level 11 of the Dungeon)

   Each time it hits an enemy it has a different, random effect.
   Str:       It affects your strength (+4).
Missiles
 b - 10 javelins
 y - 8 throwing nets (quivered)
Armour
 G - a +1 pair of boots (worn)
 H - a +2 plate armour (worn)
 I - a +0 hat (worn)
 Q - the +0 cloak "Otuoqo" (worn) {Str+4}
   (You found it on level 8 of the Dungeon)

   Str:       It affects your strength (+4).
 T - a scarf of invisibility
Jewellery
 j - the ring of Broken Luck (left hand) {EV+4 Dex+4}
   (You found it on level 2 of the Dungeon)

   [ring of evasion]

   EV:        It affects your evasion (+4).
   Dex:       It affects your dexterity (+4).
 q - a ring of fire
 r - a ring of poison resistance (right hand)
 t - a +4 ring of slaying
 L - a ring of resist corrosion
 X - a +4 ring of evasion
Wands
 u - a wand of flame (47)
 J - a wand of quicksilver (23)
 N - a wand of polymorph (11)
 R - a wand of iceblast (21)
 V - a wand of mindburst (15)
 W - a wand of paralysis (1)
Scrolls
 a - a scroll of silence
 i - 3 scrolls of fear
 n - 2 scrolls of poison
 p - 11 scrolls of identify
 s - 6 scrolls of teleportation
 x - 7 scrolls of magic mapping
 C - 2 scrolls of butterflies
 K - a scroll of summoning
 U - a scroll of blinking
Potions
 c - 2 potions of berserk rage
 d - 4 potions of magic
 e - 3 potions of attraction
 f - 2 potions of might
 g - 6 potions of heal wounds
 h - 13 potions of lignification
 k - 3 potions of flight
 l - a potion of invisibility
 m - 3 potions of curing
 w - 3 potions of haste
 z - 2 potions of brilliance
 E - 2 potions of mutation
 M - a potion of cancellation
 O - 3 potions of resistance
Miscellaneous
 A - a condenser vane
 Z - a piece from Xom's chessboard (15/15)


   Skills:
 + Level 14.8 Fighting
 + Level 20.2 Polearms
 + Level 13.8 Armour
 + Level 5.7 Dodging
 + Level 4.9 Stealth


You had 13 spell levels left.
You didn't know any spells.
Your spell library was empty.

Dungeon Overview and Level Annotations

Branches:
Dungeon (15/15)            Temple (0/1) D:4            Lair (0/5) D:10
    Orc (0/2) D:9          Vaults (0/5) D:13         Depths (0/4) D:15
 Bailey (visited)

Altars:
Ashenzari
Dithmenos
Elyvilon
Kikubaaqudgha
Wu Jian
The Shining One

Shops:
D:3 (

Annotations:
D:15 4 transporters


Innate Abilities, Weirdness & Mutations

You have a pair of horns on your head.
You reflexively headbutt those who attack you in melee.


Message History

You burn the tengu warrior!
You kill the tengu warrior!
Trog accepts your kill.
You hear a shout!
Things that are here:
a +0 arbalest; a tengu corpse You open the door.
A stone giant comes into view.
The stone giant shouts!
The stone giant throws a large rock.
The large rock hits you!!
Found a staircase to the Depths.
The stone giant throws a large rock.
The large rock misses you.
There is an open door here.
A red film seems to cover your vision as you go berserk!
You feel yourself moving faster!
You feel mighty!
You feel a strong urge to attack something.
The stone giant hits you!!
There is a staircase to the Depths, spattered with blood here.
You feel your anger nearly subside.
The stone giant throws a large rock.
The large rock hits you!!!
* * * LOW HITPOINT WARNING * * *
You are no longer berserk.
You are exhausted.
You feel yourself slow down.
You hit the stone giant. You burn the stone giant.
The stone giant is lightly wounded.
The stone giant hits you but does no damage.
The stone giant hits you!
* * * LOW HITPOINT WARNING * * *
You slash the stone giant! You burn the stone giant.
You headbutt the stone giant, but do no damage.
The stone giant is moderately wounded.
The stone giant misses you. You furiously retaliate!
You headbutt the stone giant!
A tengu warrior comes into view. It is wielding a +0 arbalest.
You slash the stone giant! You burn the stone giant.
You headbutt the stone giant, but do no damage.
The stone giant is heavily wounded.
The stone giant hits you!!
You die...

#≈..#..≈#...#.......#
#.#.#.#.#...#....<..#
#.≈.≈.≈.##..#.......#
#.≈...≈.#####....####
#.≈...≈.# #....#
#.#####.# #....#
#.#...#.##+##....# #
#.>.#Q#......###
+.@C')#......#
#######......#
#......# #......#
#......# #......#
#......# #......#
#......#####


You could see a stone giant and a tengu warrior.

Vanquished Creatures
  Rupert (D:12)
  An orc warlord (Bailey)
  A fire giant (D:11)
  Louise (D:15)
  Nessos (D:12)
  Azrael (D:12)
  3 hydras
  7 two-headed ogres
  3 centaur warriors
  An alligator (shapeshifter) (D:11)
  Urug (D:12)
  A tengu warrior (D:15)
  2 skeletal warriors
  2 flayed ghosts (D:11)
  A steelbarb worm (shapeshifter) (D:13)
  13 ugly things
  3 deep elf pyromancers
  An orc knight (D:13)
  A manticore (D:15)
  A spectral centaur (D:13)
  A cyclops (D:14)
  A gargoyle (D:12)
  4 centaur zombies (D:13)
  2 unseen horrors
  Maggie (D:10)
  A freezing wraith (D:11)
  4 yaktaurs
  2 kobold demonologists (D:13)
  An efreet (D:13)
  4 komodo dragons
  A troll (D:11)
  A polar bear (shapeshifter) (D:11)
  2 hornets
  4 slime creatures (D:14)
  Sigmund (D:2)
  2 shadows (D:11)
  16 yaks
  A vampire (D:8)
  A wraith (D:9)
  3 vampire mosquitoes (D:12)
  5 fire elementals (D:12)
  A warg (shapeshifter) (D:13)
  2 acid dragons
  2 hell hounds (D:12)
  A water moccasin (D:10)
  7 orc warriors
  2 sky beasts (D:7)
  4 ice beasts
  4 black bears
  4 boggarts (D:14)
  8 centaurs
  2 ogres
  A wolf (D:5)
  A phantom (D:4)
  9 kobold brigands
  6 bullfrogs
  4 gnoll sergeants
  A scorpion (D:4)
  3 wights (D:9)
  2 necrophages
  8 electric eels (D:10)
  3 howler monkeys (D:12)
  9 hounds
  6 gnoll boudas
  2 jellies
  7 orc priests
  6 iguanas
  13 orc wizards
  40 gnolls
  Robin (D:3)
  9 adders
  A shadow imp (D:5)
  2 white imps (D:6)
  2 ufetubi
  A worm (D:3)
  The ghost of Wentworth the Covert, a weakling GnDe (D:5)
  3 dart slugs
  36 orcs
  10 endoplasms
  3 giant cockroaches
  20 goblins
  9 hobgoblins
  16 jackals
  5 quokkas
  5 ball pythons
  4 bats
  4 frilled lizards
  40 kobolds
  8 rats
442 creatures vanquished.

Vanquished Creatures (others)
  A wizard (D:8)
  An orc wizard (D:10)
  12 fungi (D:10)
  53 plants
67 creatures vanquished.

Grand Total: 509 creatures vanquished

Notes
Turn   | Place    | Note
-------+----------+-------------------------------------------
     0 | D:1      | boopmooplesden the Minotaur Berserker began the quest for
                  | the Orb.
     0 | D:1      | Reached XP level 1. HP: 19/19 MP: 0/0
   275 | D:1      | Reached XP level 2. HP: 27/27 MP: 1/1
   294 | D:1      | Reached skill level 4 in Polearms
   686 | D:1      | Reached XP level 3. HP: 33/34 MP: 2/2
   728 | D:1      | Reached ** piety under Trog
  1703 | D:2      | Identified the ring of Broken Luck {EV+4 Dex+4}
  1748 | D:2      | Reached XP level 4. HP: 39/41 MP: 3/3
  1854 | D:2      | Noticed Sigmund
  1860 | D:2      | Killed Sigmund
  1861 | D:2      | Reached skill level 5 in Fighting
  1861 | D:2      | Reached skill level 5 in Polearms
  1861 | D:2      | Reached XP level 5. HP: 48/48 MP: 4/4
  1946 | D:2      | Found a faded altar of an unknown god.
  2701 | D:3      | Noticed Robin
  2706 | D:3      | You fall into a shaft and drop 2 floors!
  2706 | D:5      | Entered Level 5 of the Dungeon
  2818 | D:4      | Noticed an ogre
  2825 | D:4      | Killed an ogre
  2826 | D:4      | Reached skill level 6 in Polearms
  2826 | D:4      | Reached XP level 6. HP: 57/57 MP: 5/5
  2849 | D:4      | Found a staircase to the Ecumenical Temple.
  2909 | D:4      | Reached *** piety under Trog
  3171 | D:4      | Reached skill level 7 in Polearms
  3171 | D:4      | Reached XP level 7. HP: 63/63 MP: 6/6
  3248 | D:3      | Killed Robin
  3378 | D:3      | Found Livat's Weapon Emporium.
  4343 | D:5      | Reached skill level 8 in Polearms
  4382 | D:5      | Found a broken altar of Ashenzari.
  4389 | D:5      | Found a large runed translucent door.
  4390 | D:5      | Found a large runed translucent door.
  4394 | D:5      | Noticed Wentworth's ghost (weakling GnDe)
  4764 | D:5      | Reached XP level 8. HP: 71/71 MP: 7/7
  4888 | D:5      | Reached **** piety under Trog
  5019 | D:5      | Reached skill level 1 in Stealth
  5023 | D:5      | Reached skill level 5 in Armour
  5355 | D:5      | Reached skill level 9 in Polearms
  5616 | D:5      | Identified the +2 trident of the Hammering Gods {speed,
                  | rPois rN+ SInv}
  5947 | D:5      | Killed Wentworth's ghost
  6127 | D:6      | Reached skill level 10 in Polearms
  6128 | D:6      | Reached XP level 9. HP: 73/79 MP: 8/8
  7446 | D:7      | Reached skill level 5 in Dodging
  7470 | D:7      | Reached skill level 11 in Polearms
  7475 | D:7      | Found a flagged portal.
  7484 | Bailey   | Entered a bailey
  7513 | Bailey   | Noticed an orc warlord
  7537 | Bailey   | Reached ***** piety under Trog
  7612 | Bailey   | Found a runed translucent gate.
  7614 | Bailey   | Found a runed translucent gate.
  8155 | Bailey   | Found a runed translucent gate.
  8244 | Bailey   | Killed an orc warlord
  8245 | Bailey   | Reached skill level 12 in Polearms
  8245 | Bailey   | Reached XP level 10. HP: 44/91 MP: 9/9
  8498 | Bailey   | Identified the +6 scimitar of Distant Shores {venom, rF+
                  | Dex+2}
  8507 | Bailey   | Reached skill level 13 in Polearms
  8507 | Bailey   | Reached skill level 10 in Armour
  8507 | Bailey   | Reached XP level 11. HP: 102/102 MP: 10/10
  8974 | D:7      | Received a gift from Trog
  9254 | D:8      | Found an ancient bone altar of Kikubaaqudgha.
  9254 | D:8      | Found a faded altar of an unknown god.
  9262 | D:8      | Found a white marble altar of Elyvilon.
  9264 | D:8      | Found a faded altar of an unknown god.
  9266 | D:8      | Found a glowing golden altar of the Shining One.
  9448 | D:8      | Noticed a wizard
  9459 | D:8      | Killed a wizard
  9460 | D:8      | Reached skill level 14 in Polearms
  9464 | D:8      | Identified the +0 cloak "Otuoqo" {Str+4}
  9728 | D:9      | Noticed a two-headed ogre
  9733 | D:9      | Killed a two-headed ogre
 10107 | D:9      | Found a staircase to the Orcish Mines.
 10750 | D:10     | Entered Level 10 of the Dungeon
 10760 | D:10     | Found a staircase to the Lair.
 10789 | D:10     | Reached skill level 15 in Polearms
 11270 | D:10     | Noticed a two-headed ogre
 11279 | D:10     | Killed a two-headed ogre
 11988 | D:10     | Noticed Maggie
 11994 | D:10     | Killed Maggie
 11994 | D:10     | Received a gift from Trog
 12034 | D:10     | Noticed a two-headed ogre
 12041 | D:10     | Killed a two-headed ogre
 12042 | D:10     | Reached XP level 12. HP: 87/113 MP: 11/11
 12700 | D:11     | Noticed a two-headed ogre
 12709 | D:11     | Killed a two-headed ogre
 12902 | D:11     | Noticed a two-headed ogre
 12907 | D:11     | Killed a two-headed ogre
 12908 | D:11     | Reached skill level 16 in Polearms
 13269 | D:11     | Found a shadowy altar of Dithmenos.
 13568 | D:11     | Noticed a fire giant
 13568 | D:11     | Noticed a seven-headed hydra
 13586 | D:11     | Killed a fire giant
 13985 | D:11     | Identified the +2 hand axe of Yfaguq {chaos, Str+4}
 13987 | D:11     | Identified the +1 robe "Hablala" {Fly rPois rC++ Stlth-}
 14049 | D:11     | Killed a three-headed hydra
 14054 | D:11     | Reached skill level 17 in Polearms
 14177 | D:11     | Noticed an alligator
 14182 | D:11     | Killed an alligator
 14344 | D:12     | Noticed Azrael
 14377 | D:12     | Killed Azrael
 14659 | D:12     | Noticed Nessos
 14671 | D:12     | Killed Nessos
 15020 | D:12     | Noticed Rupert
 15035 | D:12     | Killed Rupert
 15036 | D:12     | Reached XP level 13. HP: 116/123 MP: 12/12
 15313 | D:12     | Reached skill level 18 in Polearms
 15802 | D:12     | Noticed Urug
 15818 | D:12     | Killed Urug
 16472 | D:13     | Found a gate to the Vaults.
 16495 | D:13     | Received a gift from Trog
 16495 | D:13     | Found the +8 frozen axe "Frostbite" {freezing cloud, *Noise
                  | Fly rC+}
 16525 | D:13     | Reached skill level 19 in Polearms
 18592 | D:15     | Entered Level 15 of the Dungeon
 18649 | D:15     | Noticed Louise
 18660 | D:15     | Killed Louise
 18661 | D:15     | Reached skill level 20 in Polearms
 18852 | D:15     | Reached XP level 14. HP: 90/133 MP: 13/13
 19091 | D:15     | Found an ornate altar of the Wu Jian Council.
 19102 | D:15     | Found a transporter.
 19102 | D:15     | Found a transporter.
 19107 | D:15     | Found a transporter.
 19107 | D:15     | Found a transporter.
 19466 | D:15     | Found a staircase to the Depths.
 19466 | D:15     | Noticed a stone giant
 19473 | D:15     | HP: 1/133 [stone giant (14)]
 19475 | D:15     | Demolished by a stone giant

Illustrated notes

Levels and vault maps discovered:
D:1:      minmay_arrival_stone_box, layout_basic
D:2:      layout_loops_corners, hellmonk_ecumenical_altar_defaced_shrine,
          kennysheep_generic_room_14, uniq_sigmund
D:3:      layout_rooms, serial_shops, shop, uniq_robin
D:4:      layout_loops_ring, minmay_temple_entry_wispy,
          kennysheep_pointless_box, kennysheep_small_circle
D:5:      layout_cave_pools, cheibrodos_ashenzari_chains,
          ebering_ghost_disaster_area, serial_gnoll_camp,
          gnoll_camp_mini_loothouse, gnoll_camp_mini_hut, gnoll_camp_medium_02,
          gnoll_camp_mini_doghouse, gnoll_camp_mini_house, gnoll_camp_huts_basic
D:6:      layout_loops_cross, serial_bayou_lagoon_a, grunt_ministairs_3,
          minmay_misc_feat_tower, nicolae_zen_rock_garden
D:7:      layout_gridville, enter_bailey_6
D:8:      cheibrodos_wizards_tower, layout_rooms,
          chequers_temple_overflow_minitemple, sigmund_army
D:9:      layout_layer_cave, orc_0_dummy, nicolae_straight_to_the_point
D:10:     layout_rooms, due_lair_maze_entry_diamond, serial_bayou,
          serial_bayou_pond_e, serial_bayou_pond_e, serial_bayou_lagoon_b,
          serial_bayou_shore_b, serial_bayou_crossing, serial_bayou_lake_a,
          minmay_diced_spiral, uniq_maggie
D:11:     minmay_tile_spiral, layout_irregular_city, minmay_misc_feat_pillars,
          grunt_dithmenos_shadows
D:12:     layout_loops_corners, uniq_nessos, uniq_azrael, uniq_urug, uniq_rupert
D:13:     layout_stronghold, hangedman_vaults_entry_quadrant_bands,
          hangedman_weighted_door
D:14:     layout_roguey, palyth_stone_intersect
D:15:     grunt_enter_depths_snipers, layout_gridville,
          nicolae_wu_jian_wuxing_cycle, nicolae_diode_quadrants, uniq_louise

Skill      XL: |  1  2  3  4  5  6  7  8  9 10 11 12 13 |
---------------+----------------------------------------+-----
Fighting       | 4 5 6 7 9 11 12 13 14 | 14.8
Polearms       | 4 5 6 7 8 10 12 13 15 17 20 | 20.2
Dodging        | 3 4 5 |  5.7
Armour         | 4 6 7 10 11 12 13 | 13.8
Stealth        | 1 4 |  4.9

Action                   |  1- 3 |  4- 6 |  7- 9 | 10-12 | 13-15 || total
-------------------------+-------+-------+-------+-------+-------++-------
Melee: Spear             |    75 |    45 |       |       |       ||   120
       Headbutt          |    10 |    14 |    61 |    66 |    50 ||   201
       Halberd           |       |    18 |   138 |       |       ||   156
       Trident           |       |       |   192 |    33 |       ||   225
       Punch             |       |       |     3 |       |       ||     3
       Glaive            |       |       |       |   196 |       ||   196
       Bardiche          |       |       |       |   115 |   218 ||   333
Throw: Throwing net      |       |       |       |     1 |       ||     1
Invok: Berserk           |     1 |     4 |     8 |     4 |     4 ||    21
  Use: Scroll            |     3 |     5 |    11 |     3 |    14 ||    36
       Potion            |       |       |       |     4 |       ||     4
 Stab: Sleeping          |       |       |     1 |       |       ||     1
Armor: Animal skin       |    21 |     7 |       |       |       ||    28
       Ring mail         |       |     2 |    23 |       |       ||    25
       Plate armour      |       |       |    66 |   202 |   173 ||   441
Dodge: Dodged            |    60 |    57 |   258 |   240 |   202 ||   817
